 Dungeon Crawl Stone Soup version 0.24.0-125-gc4c63601f3 (webtiles) character file.

Game seed: 16136671097590059346, levelgen mode: deterministic

8963 Peloso the Carver (level 11, -6/95 HPs)
             Began as a Minotaur Fighter on Mar 18, 2020.
             Was a High Priest of Okawaru.
             Mangled by an earth elemental (19 damage)
             ... on level 9 of the Dungeon.
             The game lasted 00:25:24 (9922 turns).

Peloso the Carver (Minotaur Fighter)                Turns: 9922, Time: 00:25:25

Health: -6/95      AC:  9    Str: 27      XL:     11   Next: 16%
Magic:  11/11      EV: 11    Int:  5      God:    Okawaru [*****.]
Gold:   811        SH: 13    Dex: 11 (12) Spells: 10/10 levels left

rFire    . . .     SeeInvis .   a - +0 long sword
rCold    + . .     Gourm    .   c - +0 shield
rNeg     . . .     Faith    .   D - +1 scale mail {rPois}
rPois    +         Spirit   .   (helmet restricted)
rElec    .         Reflect  .   (no cloak)
rCorr    .         Harm     .   (no gloves)
MR       .....                  (no boots)
Stlth    +.........             (no amulet)
HPRegen  0.25/turn              s - ring of stealth
MPRegen  0.12/turn              u - ring of protection from cold

@: mighty
A: retaliatory headbutt, horns 2
a: Heroism, Finesse, Renounce Religion


You were on level 9 of the Dungeon.
You worshipped Okawaru.
Okawaru was extremely pleased with you.
You were hungry.

You visited 1 branch of the dungeon, and saw 10 of its levels.
You also visited: Sewer and Ossuary.

You collected 939 gold pieces.
You spent 128 gold pieces at shops.

Inventory:

Hand Weapons
 a - a +0 long sword (weapon)
Armour
 b - a +0 scale mail
 c - a +0 shield (worn)
 v - a +0 chain mail
 D - a +1 scale mail of poison resistance (worn)
 F - +0 ice dragon scales
Jewellery
 s - a ring of stealth (left hand)
 u - a ring of protection from cold (right hand)
Wands
 o - a wand of scattershot (3)
 A - a wand of iceblast (12)
 C - a wand of flame (11)
Scrolls
 h - 12 scrolls of identify {unknown}
 i - 2 scrolls of fear {unknown}
 j - 7 scrolls of teleportation {unknown}
 k - a scroll of fog {unknown}
 l - a scroll of blinking {unknown}
 m - a scroll of immolation {unknown}
 n - 7 scrolls of remove curse {unknown}
 w - 2 scrolls of enchant armour {unknown}
 x - 3 scrolls of noise {unknown}
 y - 2 scrolls of amnesia {unknown}
 z - a scroll of magic mapping
 B - 4 scrolls of enchant weapon {unknown}
Potions
 d - 2 potions of might
 e - 4 potions of flight
 g - a potion of brilliance
 p - 2 potions of degeneration
 q - 9 potions of curing
 t - a potion of agility
 E - 2 potions of mutation
Comestibles
 f - 17 rations


   Skills:
 + Level 8.3 Fighting
 + Level 12.7 Long Blades
 + Level 9.0 Armour
 + Level 4.1 Dodging
 + Level 0.6 Stealth
 + Level 11.4 Shields
 + Level 1.4 Invocations


You had 10 spell levels left.
You didn't know any spells.
Your spell library contained the following spells:

 Spells                   Type           Power        Failure   Level  Hunger
 Apportation              Tloc           #.....       86%         1    ##.....
 Flame Tongue             Conj/Fire      #....        86%         1    ##.....
 Summon Butterflies       Summ           #.......     86%         1    ##.....
 Ensorcelled Hibernation  Hex/Ice        #.....       94%         2    ###....
 Throw Flame              Conj/Fire      #.....       94%         2    ###....
 Conjure Flame            Conj/Fire      #.......     99%         3    ####...
 Inner Flame              Hex/Fire       #.......     99%         3    ####...
 Lesser Beckoning         Tloc           #.........   99%         3    ####...
 Tukima's Dance           Hex            #.......     99%         3    ####...
 Fulminant Prism          Conj/Hex       #.........   100%        4    #####..
 Passage of Golubria      Tloc           N/A          100%        4    #####..
 Sticky Flame             Conj/Fire      #.......     100%        4    #####..
 Alistair's Intoxication  Tmut/Pois      #.......     100%        5    ######.
 Fireball                 Conj/Fire      #.........   100%        5    ######.
 Invisibility             Hex            #.......     100%        6    #######


Dungeon Overview and Level Annotations

Branches:
Dungeon (10/15)            Temple (0/1) D:5            Lair (0/6) D:9
  Sewer (visited)         Ossuary (visited)
    Orc: D:9-12

Altars:
Ashenzari
Cheibriados
Gozag
Hepliaklqana
Kikubaaqudgha
Okawaru
Qazlal
Ru
Sif Muna
Uskayaw
Vehumet
Wu Jian
Xom
Yredelemnul
The Shining One
Beogh

Shops:
D:5 }   D:8 !


Innate Abilities, Weirdness & Mutations

You reflexively headbutt those who attack you in melee.
You have a pair of horns on your head.


Message History

You hit the earth elemental but do no damage.
Your headbutt misses the earth elemental.
The earth elemental is severely damaged.
The earth elemental closely misses you. The earth elemental hits you!!
Unknown command.
You slash the earth elemental!
The earth elemental is almost destroyed.
The earth elemental hits you!!
* * * LOW HITPOINT WARNING * * *
You feel much better.
You block the earth elemental's attack. x2
Okay, then.
You feel very mighty all of a sudden. The earth elemental hits you!
* * * LOW HITPOINT WARNING * * *
Unknown command.
You slash the earth elemental!
You destroy the earth elemental!
Okawaru accepts your kill. The earth elemental hits you!!
You die...

.##########.###############......
...[.............................
..........................#######
####...################...# #.>.#
#...# #...# #...# #...# #...#
####...################...#######
................@E...............
.###############.E#...PP....###..
.# ##...P.P...P..###)# .#
###....P.PPP.PP.P.#.# .#
###..P..P.P..PPPP..P..# .#
#...P..P.PP.....PP....#
.##########)....P.PP.P.P.PPPPPP..
.............P.P.PP.PPPP..P....P.
...............P.P.PP.>PPP.PP....


You could see 2 earth elementals.

Vanquished Creatures
  Harold (D:8)
  An ice dragon (D:9)
  2 two-headed ogres
  Prince Ribbit (D:5)
  A spriggan (D:8)
  A wraith (Ossuary)
  Menkaure (D:5)
  Edmund (D:5)
  A water moccasin (shapeshifter) (D:9)
  5 porcupines (D:9)
  2 ice beasts (D:5)
  A black bear (D:8)
  An orc warrior (D:9)
  3 sky beasts
  3 necrophages
  A phantom (D:9)
  10 ogres
  3 centaurs
  2 crocodiles
  A big kobold (Sewer)
  An earth elemental (D:9)
  12 bullfrogs
  3 elf skeletons (D:5)
  2 scorpions
  3 vampire bats (D:8)
  2 howler monkeys
  A centaur zombie (D:3)
  A crimson imp (D:6)
  2 bullfrog zombies
  A jelly (D:8)
  A bullfrog skeleton (D:6)
  6 orc priests
  2 hounds (D:4)
  5 orc wizards
  A gnoll shaman (D:6)
  A human skeleton (D:5)
  A centaur skeleton (D:7)
  2 iguanas
  12 worker ants
  A hound zombie (D:9)
  A mummy (Ossuary)
  2 worker ant zombies
  11 gnolls
  6 adders
  3 river rats
  4 shadow imps
  An ooze (D:1)
  2 adder skeletons (D:7)
  2 worms
  3 dart slugs
  13 leopard geckos
  16 orcs
  A bat skeleton (D:8)
  6 bat zombies (D:8)
  4 giant cockroaches
  5 goblins
  4 hobgoblins
  14 jackals
  12 kobolds
  2 quokkas
  3 ball pythons
  4 bats
  6 frilled lizards
  6 gnoll skeletons (Ossuary)
  5 kobold skeletons (Ossuary)
  16 orc skeletons
  A quokka skeleton (D:5)
  A quokka zombie (D:5)
  12 rats
268 creatures vanquished.

Vanquished Creatures (others)
  3 fungi (D:9)
3 creatures vanquished.

Grand Total: 271 creatures vanquished

Notes
Turn   | Place    | Note
-------+----------+-------------------------------------------
     0 | D:1      | Peloso the Minotaur Fighter began the quest for the Orb.
     0 | D:1      | Reached XP level 1. HP: 19/19 MP: 0/0
   106 | D:1      | Reached XP level 2. HP: 27/27 MP: 1/1
   817 | D:2      | Found an iron altar of Okawaru.
   821 | D:2      | Reached XP level 3. HP: 33/33 MP: 2/2
   826 | D:2      | Became a worshipper of Warmaster Okawaru
   957 | D:2      | Reached skill level 3 in Long Blades
   957 | D:2      | Reached XP level 4. HP: 36/41 MP: 3/3
  1857 | D:3      | Reached skill level 1 in Dodging
  1857 | D:3      | Reached XP level 5. HP: 13/47 MP: 4/4
  2272 | D:3      | Reached skill level 4 in Long Blades
  2272 | D:3      | Reached skill level 5 in Shields
  2525 | D:4      | HP: 2/47 [poisoned by a worker ant]
  2734 | D:4      | Found a roughly hewn altar of Beogh.
  2745 | D:4      | Reached * piety under Okawaru
  2745 | D:4      | Reached XP level 6. HP: 38/53 MP: 5/5
  2835 | D:4      | Found a glowing drain.
  2843 | Sewer    | Entered a sewer
  2849 | Sewer    | Reached skill level 5 in Armour
  3021 | Sewer    | Reached skill level 5 in Long Blades
  3167 | Sewer    | Found a white marble altar of Elyvilon.
  3299 | D:4      | Reached skill level 5 in Fighting
  3315 | D:4      | Reached XP level 7. HP: 38/61 MP: 6/6
  3353 | D:4      | HP: 2/61 [hound (5)]
  3363 | D:4      | HP: 3/61 [hound (1)]
  3916 | D:4      | Reached skill level 6 in Long Blades
  4084 | D:5      | Entered Level 5 of the Dungeon
  4170 | D:5      | Found a staircase to the Ecumenical Temple.
  4192 | D:5      | Found a shattered altar of Ashenzari.
  4204 | D:5      | Found Pamenef's Gadget Shoppe.
  4252 | D:5      | Reached ** piety under Okawaru
  4252 | D:5      | Reached XP level 8. HP: 64/68 MP: 7/7
  4284 | D:5      | Found a sand-covered staircase.
  4300 | Ossuary  | Entered an ossuary
  4497 | Ossuary  | Reached skill level 7 in Long Blades
  4661 | D:5      | Noticed Menkaure
  4666 | D:5      | Killed Menkaure
  4671 | D:5      | Noticed Edmund
  4674 | D:5      | Reached skill level 8 in Long Blades
  4689 | D:5      | Killed Edmund
  4689 | D:5      | Reached *** piety under Okawaru
  4858 | D:5      | Noticed Prince Ribbit
  4873 | D:5      | Killed Prince Ribbit
  4873 | D:5      | Reached XP level 9. HP: 65/75 MP: 5/8
  5630 | D:6      | Reached skill level 9 in Long Blades
  5931 | D:6      | Found a stormy altar of Qazlal.
  6097 | D:6      | Found a snail-covered altar of Cheibriados.
  6174 | D:6      | Found a shimmering altar of Xom.
  6536 | D:6      | Found a stormy altar of Qazlal.
  6641 | D:7      | Found an opulent altar of Gozag.
  6772 | D:7      | Reached **** piety under Okawaru
  6780 | D:7      | Reached skill level 10 in Long Blades
  6971 | D:7      | Noticed a two-headed ogre
  6985 | D:7      | Killed a two-headed ogre
  6985 | D:7      | Reached XP level 10. HP: 20/84 MP: 6/9
  7418 | D:7      | Reached skill level 10 in Shields
  7665 | D:8      | Noticed Harold
  7692 | D:8      | Killed Harold
  7692 | D:8      | Reached ***** piety under Okawaru
  7692 | D:8      | Reached skill level 11 in Long Blades
  7961 | D:8      | Found a glowing golden altar of the Shining One.
  8091 | D:8      | Found Goroqu's Distillery.
  8098 | D:8      | Bought a potion of mutation for 128 gold pieces
  8303 | D:8      | Found a basalt altar of Yredelemnul.
  8303 | D:8      | Found a hide-covered altar of Uskayaw.
  8310 | D:8      | Found an ornate altar of the Wu Jian Council.
  8312 | D:8      | Found a shimmering blue altar of Sif Muna.
  8315 | D:8      | Found a radiant altar of Vehumet.
  8396 | D:8      | Found an ancient bone altar of Kikubaaqudgha.
  8469 | D:8      | Found a sacrificial altar of Ru.
  8593 | D:9      | Received a gift from Okawaru
  8615 | D:9      | Reached skill level 12 in Long Blades
  8634 | D:9      | Found a staircase to the Lair.
  8672 | D:9      | Identified Doissuh's Collected Works on Warped Hexes
  8802 | D:9      | Noticed a two-headed ogre
  8810 | D:9      | Killed a two-headed ogre
  8833 | D:9      | Reached XP level 11. HP: 52/94 MP: 10/10
  8845 | D:9      | Reached skill level 1 in Invocations
  9332 | D:9      | Found a hazy altar of Hepliaklqana.
  9463 | D:9      | Noticed an ice dragon
  9508 | D:9      | Killed an ice dragon
  9906 | D:10     | Entered Level 10 of the Dungeon
  9922 | D:9      | Mangled by an earth elemental

Levels and vault maps discovered:
D:1:      psy_arrival_conway, layout_loops_ring
D:2:      layout_basic, okawaru_ov_weapons_minmay, serial_glass,
          glass_columns_a, glass_columns_a
D:3:      layout_loops_ring, first_ration
D:4:      layout_cave_pools, gup_sewer_entry_bubbles, kennysheep_orc_chapel
D:5:      layout_layer_cave, minmay_temple_entry_poolview, serial_shops, shop,
          basic_altar, nicolae_ossuary_entry_catacombs,
          grunt_decor_mini_mirrors, dk_noncrumbling_3, uniq_prince_ribbit1,
          uniq_edmund, uniq_menkaure
D:6:      layout_basic, overflow_temple_1_default, minitemple,
          nicolae_qazlal_eye_of_the_storm
D:7:      layout_basic, nicolae_gozag_cash_rules_everything_around_me
D:8:      layout_cave_pods, marbit_many_paths,
          chequers_temple_overflow_minitemple, kennysheep_vampire_church,
          basic_altar, serial_shops, shop, the_bakery, uniq_harold
D:9:      dragon1_lemuel, layout_long_grid, kennysheep_little_box,
          due_lair_maze_entry_diamond, minmay_increasing_density
D:10:     minmay_stone_box, layout_long_grid, serial_shops,
          nicolae_shop_window_shopping, minmay_fractal_squares_gapless_5

Skill      XL: |  1  2  3  4  5  6  7  8  9 10 11 |
---------------+----------------------------------+-----
Fighting       | 4 5 7 8 |  8.3
Armour         | 4 5 6 8 9 |  9.0
Shields        | 4 5 6 8 9 11 | 11.4
Long Blades    | 3 4 5 6 8 10 12 | 12.7
Dodging        | 1 2 3 4 |  4.1
Invocations    | 1 |  1.4
Stealth        | |  0.6

Action                   |  1- 3 |  4- 6 |  7- 9 | 10-12 || total
-------------------------+-------+-------+-------+-------++-------
Melee: Long sword        |    54 |   173 |   392 |   259 ||   878
       Headbutt          |     8 |    34 |   107 |    53 ||   202
Invok: Heroism           |       |       |     3 |     4 ||     7
       Finesse           |       |       |       |     1 ||     1
  Use: Scroll            |       |     2 |     1 |       ||     3
       Potion            |       |       |     1 |    10 ||    11
  Eat: Chunk             |       |     7 |    13 |     9 ||    29
Armor: Scale mail        |    22 |    78 |     8 |    44 ||   152
       Chain mail        |       |       |   115 |    15 ||   130
Dodge: Dodged            |    21 |    64 |    95 |    69 ||   249
Block: Shield            |    24 |   103 |   220 |   125 ||   472
       Rpst.: Long sword |     3 |    14 |    30 |    17 ||    64
